Construct Infanterie Kompanie
Selects Luftwaffe Battlegroup
Selects Luftwaffe Pioneer Support
Fallschirmpioneer Squad Paradrop
Fallschirmpioneer Squad Paradrop
Fallschirmpioneer Squad Paradrop
Construct Panzergrenadier Kompanie
Construct Panzer Kompanie
Selects Flak 38 Anti-Air Emplacement
Selects Flak 36 Anti-tank Gun Emplacement
Selects Stuka Strafing Run
Selects Fallschirmjäger Squad Paradrop
Pak 40 Anti-tank Gun Team
Fallschirmjäger Squad Paradrop
Fallschirmjäger Squad Paradrop